 Dungeon Crawl Stone Soup version 0.32-a0-433-g08bcfe7efd (webtiles) character file.

Game seed: 3596590684949831686

216 Dittersdorf the Covered (level 5, -3/34 HPs)
             Began as a Gargoyle Fighter on Feb 22, 2024.
             Slain by an orc wizard
             ... wielding a +0 dagger
              (4 damage)
             ... on level 4 of the Dungeon.
             The game lasted 00:02:26 (2471 turns).

Dittersdorf the Covered (Gargoyle Fighter)          Turns: 2471, Time: 00:02:26

Health: -3/34      AC: 11    Str: 22    XL:     5   Next: 93%
Magic:  5/5        EV:  9    Int:  8    God:
Gold:   150        SH:  0    Dex:  9    Spells: 4/4 levels left

rFire   . . .        a - +0 flail
rCold   . . .        c - +0 buckler
rNeg    + . .        b - +0 scale mail
rPois   ∞            (no helmet)
rElec   +            (no cloak)
rCorr   .            (no gloves)
SInv    .            (no boots)
Will    .....        (no amulet) Stlth
                     h - ring of wizardry
HPRegen 0.25/turn    (no ring)
MPRegen 0.09/turn

%: wizardry (x1)
@: confused
A: sickness immunity, AC +4, negative energy resistance 1, electricity
resistance, torment resistance 1, petrification resistance
a: no special abilities


You were on level 4 of the Dungeon.
You visited 1 branch of the dungeon, and saw 4 of its levels.

You collected 150 gold pieces.

Inventory:

Hand Weapons
 a - a +0 flail (weapon)
Armour
 b - a +0 scale mail (worn)
 c - a +0 buckler (worn)
Magical Staves
 l - a staff of earth
Jewellery
 h - a ring of wizardry (left hand)
 k - a ring of fire
 r - the amulet "Zaadgh" {Faith rF+ Will- Int+3}
   (You found it on level 3 of the Dungeon)

   [amulet of faith]

   Faith:     It allows you to gain divine favour quickly.
   Int+3:     It affects your intelligence (+3).
   rF+:       It protects you from fire.
   Will-:     It decreases your willpower.
Scrolls
 e - 6 scrolls of identify {unknown}
 g - 2 scrolls of teleportation {unknown}
 i - a scroll of enchant armour {unknown}
 m - a scroll of immolation {unknown}
 n - a scroll of revelation {unknown}
 o - a scroll of noise {unknown}
 p - a scroll of fog {unknown}
 s - a scroll of poison {unknown}
Potions
 d - 2 potions of might
 f - a potion of heal wounds {unknown}
 j - a potion of curing {unknown}
 q - a potion of lignification {unknown}


   Skills:
 + Level 4.4 Fighting
 + Level 3.4 Maces & Flails
 + Level 4.5 Armour
 + Level 4.4 Shields


You had 4 spell levels left.
You didn't know any spells.
Your spell library contained the following spells:

 Spells                   Type           Power      Damage    Failure   Level
 Apportation              Tloc           0%         N/A       45%         1
 Necrotise                Necr           0%         1d4       45%         1
 Sting                    Conj/Alch      0%         1d3       45%         1
 Summon Small Mammal      Summ           0%         N/A       45%         1


Dungeon Overview and Level Annotations

Branches:
Dungeon (4/15)
 Temple: D:4-7

Altars:
Dithmenos
Elyvilon
Hepliaklqana
Nemelex Xobeh
Vehumet
Wu Jian
Zin

Annotations:
D:2 1 runed translucent door, Crazy Yiuf


Innate Abilities, Weirdness & Mutations

You are immune to sickness and miasma.
Your stone body is resilient. (AC +4)
You are immune to poison.
You resist negative energy. (rN+)
You are resistant to electric shocks. (rElec)
You are resistant to unholy torment.
You are immune to petrification.


Message History

The orc hits you but does no damage. The orc closely misses you.
The orc wizard barely misses you. Something hits you but does no damage.
The orc wizard mumbles some strange words.
The orc wizard flickers and vanishes!
The orc hits you but does no damage. The orc closely misses you.
You barely miss the orc. The orc hits you but does no damage.
Something hits you but does no damage. You block something's attack.
The orc hits you with a +0 hand axe.
You hit the orc.
The orc is moderately wounded.
The orc hits you but does no damage. Something hits you.
Something hits you but does no damage. The orc barely misses you.
You barely miss the orc.
The orc is moderately wounded.
Something hits you but does no damage. The orc hits you but does no damage.
The orc barely misses you. Something hits you but does no damage.
You sock the orc!
You kill the orc!
You block the orc's attack.
You hear some strange, mumbled words.
A magic dart appears from out of thin air!
The magic dart hits you. Something hits you but does no damage.
The orc hits you but does no damage.
You hear some strange, mumbled words.
A puff of flame appears from out of thin air!
The puff of flame hits you. Something hits you but does no damage.
You are too injured to fight recklessly!
You are too injured to fight recklessly!
You are too injured to fight recklessly!
You block something's attack. The orc hits you but does no damage.
You hear some strange, mumbled words.
You are confused.
Something hits you but does no damage.
You're too confused to move!
You hear some strange, mumbled words.
A puff of flame appears from out of thin air!
The puff of flame hits you!
* * * LOW HITPOINT WARNING * * *
Something hits you.
You die...

. #. #.#########
#..........
#.)o#######..
###..........
###.#...## ####{# ..#
.########.@..# .
......#...####
#...### .....#
#...##########
....####.#..#........
...... #.##...###
.... #.......># ...
....######.# #.###..#
#.####


There were no monsters in sight!

Vanquished Creatures
  A bombardier beetle (D:3)
  A hound (D:4)
  An orc priest (D:4)
  Jessica (D:2)
  3 adders
  2 dart slugs (D:1)
  A ribbon worm (D:2)
  2 orcs
  7 endoplasms
  2 giant cockroaches (D:1)
  A hobgoblin (D:3)
  3 quokkas
  6 ball pythons
  6 bats
  3 frilled lizards
  8 goblins
  8 kobolds
  15 rats
71 creatures vanquished.

Notes
Turn   | Place    | Note
-------+----------+-------------------------------------------
     0 | D:1      | Dittersdorf the Gargoyle Fighter began the quest for the
                  | Orb.
     0 | D:1      | Reached XP level 1. HP: 14/14 MP: 1/1
   201 | D:1      | Found a faded altar of an unknown god.
   241 | D:1      | Reached XP level 2. HP: 17/19 MP: 2/2
   605 | D:1      | Reached XP level 3. HP: 23/23 MP: 3/3
  1098 | D:2      | Noticed Jessica
  1105 | D:2      | Killed Jessica
  1106 | D:2      | Reached XP level 4. HP: 29/29 MP: 4/4
  1203 | D:2      | Found a runed translucent door.
  1204 | D:2      | Noticed Crazy Yiuf
  1649 | D:3      | Found a white marble altar of Elyvilon.
  1650 | D:3      | Found a hazy altar of Hepliaklqana.
  1653 | D:3      | Found a radiant altar of Vehumet.
  1653 | D:3      | Found a shadowy altar of Dithmenos.
  1654 | D:3      | Found a sparkling altar of Nemelex Xobeh.
  1655 | D:3      | Found an ornate altar of the Wu Jian Council.
  1820 | D:3      | Found a glowing silver altar of Zin.
  1826 | D:3      | Reached XP level 5. HP: 33/33 MP: 5/5
  2278 | D:3      | Identified the amulet "Zaadgh" {Faith rF+ Will- Int+3}
  2471 | D:4      | HP: 1/34 [something/puff of flame (12)]
  2471 | D:4      | Slain by an orc wizard

Illustrated notes

Levels and vault maps discovered:
D:1:      eino_arrival_water_star, layout_loops_corners,
          shapermc_ecumenical_altar_mp_urbaneastern
D:2:      layout_basic, chequers_serial_rivers_small_3, serial_bayou_pond_d,
          uniq_crazy_yiuf_cottage, uniq_jessica
D:3:      layout_basic, mainiacjoe_overflow_catwalk, grunt_temple_overflow_open,
          serial_forest, infiniplex_forest_lined_corner,
          infiniplex_forest_zigzag_2, infiniplex_forest_lined_4_way,
          infiniplex_forest_end_1
D:4:      layout_rooms, grunt_ministairs_6

Skill      XL: |  1  2  3  4 |
---------------+-------------+-----
Armour         | 4 |  4.5
Shields        | 4 |  4.4
Fighting       | 4 |  4.4
Maces & Flails | 3 |  3.4

Action                     |  1- 3 |  4- 6 || total
---------------------------+-------+-------++-------
  Melee: Flail             |    94 |   110 ||   204
 Armour: Scale mail        |    77 |   115 ||   192
  Dodge: Dodged            |    51 |    59 ||   110
  Block: Buckler           |    16 |    21 ||    37

Table legend: (Time is in decaauts)
 A = Elapsed time spent in this place.
 B = Non-inter-level travel time spent in this place.
 C = Inter-level travel time spent in this place.
 D = Time resting spent in this place.
 E = Time spent auto-exploring this place.
 F = Levels seen in this place.
 G = Mean time per level.
                   A        B        C        D        E       F      G
               +--------+--------+--------+--------+--------+-----+--------+
         Total |   2533 |   2442 |     91 |      0 |   1911 |   4 |  633.2 |
       Dungeon |   2533 |   2442 |     91 |      0 |   1911 |   4 |  633.2 |
               +--------+--------+--------+--------+--------+-----+--------+

Top non-repeatable levels by time:
     D:1: 943 daAuts
     D:2: 755 daAuts
     D:3: 704 daAuts
     D:4: 130 daAuts
